 Dungeon Crawl Stone Soup version 0.26.0-16-gc1dbca0489 (webtiles) character file.

Game seed: 10210686607950856019

456 ragingrage the Cudgeller (level 7, -1/41 HPs)
             Began as a Gargoyle Delver on Jan 20, 2021.
             Slain by a worker ant (6 damage)
             ... on level 5 of the Dungeon.
             The game lasted 00:02:03 (1323 turns).

ragingrage the Cudgeller (Gargoyle Delver)          Turns: 1323, Time: 00:02:03

Health: -1/41      AC:  8    Str: 17    XL:     7   Next: 6%
Magic:  7/7        EV: 11    Int: 10    God:
Gold:   54         SH:  0    Dex: 12    Spells: 6/6 levels left

rFire    . . .     SeeInvis .   a - +0 mace
rCold    . . .     Faith    .   (no shield)
rNeg     + . .     Spirit   .   b - +0 leather armour
rPois    ∞         Reflect  .   l - +0 helmet (curse)
rElec    +         Harm     .   (no cloak)
rCorr    .         Rampage  .   (no gloves)
Will     .....                  (no boots)
Stlth    +++.......             (no amulet)
HPRegen  0.13/turn              (no ring)
MPRegen  0.10/turn              (no ring)

@: berserk cooldown, slowed, very slow
A: negative energy resistance 1, electricity resistance, unbreathing,
petrification resistance, miasma immunity, AC +4
a: no special abilities


You were on level 5 of the Dungeon.
You visited 1 branch of the dungeon, and saw 2 of its levels.

You collected 54 gold pieces.

Inventory:

Hand Weapons
 a - a +0 mace (weapon)
 k - the +3 spear "Teletit" {protect, MP+9}
   (You found it on level 4 of the Dungeon)

   It grants its wielder temporary protection when it strikes (+7 to AC).
   It affects your magic capacity (+9).
Armour
 b - a +0 leather armour (worn)
 l - a cursed +0 helmet (worn)
Wands
 g - a wand of digging (3)
Scrolls
 c - a scroll of fog
 d - a scroll of magic mapping
 e - 2 scrolls of fear
 i - a scroll of remove curse {unknown}
 j - 2 scrolls of identify {unknown}
 m - a scroll of random uselessness {unknown}
Potions
 f - a potion of haste
 n - a potion of heal wounds {unknown}


   Skills:
 - Level 3.2 Fighting
 + Level 7.4 Maces & Flails
 - Level 1.5 Dodging
 - Level 5.4 Stealth


You had 6 spell levels left.
You didn't know any spells.
Your spell library was empty.

Dungeon Overview and Level Annotations

Branches:
Dungeon (5/15)
 Temple: D:4-7

Altars:
Wu Jian
The Shining One

Shops:
D:5 (


Innate Abilities, Weirdness & Mutations

You are resistant to torment.
Your stone body is resilient. (AC +4)
You are immune to poison.
You resist negative energy. (rN+)
You are resistant to electric shocks. (rElec)
You can survive without breathing.
You are immune to petrification.
You are immune to miasma.


Message History

The worker ant completely misses you.
You hit the worker ant but do no damage.
The worker ant is heavily wounded.
The worker ant bites you but does no damage.
The worker ant barely misses you.
You closely miss the worker ant.
The worker ant is heavily wounded.
The worker ant barely misses you.
You hit the worker ant but do no damage.
The worker ant is heavily wounded.
The worker ant bites you but does no damage.
The worker ant bites you.
* * * LOW HITPOINT WARNING * * *
You hit the worker ant but do no damage.
The worker ant is heavily wounded.
The worker ant bites you but does no damage. x2
You hit the worker ant but do no damage.
The worker ant is heavily wounded.
The worker ant bites you.
You die...

#........##....####.# ##
#.......##..#...##..## #
.#.......##.####......#
# ........#..# #...#...#
#.....##.## #..##......
..
#.....#...###..###.#####
..# #..............# ..#
#..# #....).###....# .##
#...# ##.(#†@#####....
#....# #.(###B.# #....
......###.## #..# ..
...B...B..# #...# .
#........## #...#
#.......## #.....
........# ....(.#
...##.....# ......# . ..
#..#..h........# ..#


You could see a worker ant.

Vanquished Creatures
  A centaur (D:5)
  A howler monkey (D:4)
  3 hounds
  6 worker ants
  11 adders
  2 ball pythons (D:4)
  2 jackals (D:4)
  A ball python zombie (D:5)
  A leopard gecko skeleton (D:5)
28 creatures vanquished.

Notes
Turn   | Place    | Note
-------+----------+-------------------------------------------
     0 | D:5      | ragingrage the Gargoyle Delver began the quest for the Orb.
     0 | D:5      | Reached XP level 1. HP: 14/14 MP: 1/1
     9 | D:4      | Noticed a worker ant
    14 | D:4      | Killed a worker ant
    15 | D:4      | Reached skill level 3 in Maces & Flails
    15 | D:4      | Reached XP level 2. HP: 17/19 MP: 2/2
    15 | D:4      | Reached XP level 3. HP: 20/23 MP: 3/3
    84 | D:4      | Noticed an ogre
   115 | D:4      | Reached skill level 4 in Maces & Flails
   163 | D:4      | Found an ornate altar of the Wu Jian Council.
   229 | D:4      | Reached XP level 4. HP: 24/28 MP: 4/4
   441 | D:4      | Reached skill level 5 in Maces & Flails
   441 | D:4      | Reached XP level 5. HP: 28/32 MP: 5/5
   772 | D:4      | Reached skill level 6 in Maces & Flails
   826 | D:4      | Reached XP level 6. HP: 37/37 MP: 6/6
   833 | D:4      | Got an encrusted spear
   834 | D:4      | Identified the +3 spear "Teletit" {protect, MP+9} (You
                  | found it on level 4 of the Dungeon)
   948 | D:4      | Found a glowing golden altar of the Shining One.
  1015 | D:5      | Found Erghappis's Weapon Boutique.
  1313 | D:5      | Reached skill level 7 in Maces & Flails
  1313 | D:5      | Reached XP level 7. HP: 19/41 MP: 7/7
  1323 | D:5      | Slain by a worker ant

Illustrated notes

Levels and vault maps discovered:
D:4:      layout_basic, nemelex_xobeh_ov_fountains_minmay, tso_metal_star,
          pdpol_wu_jian_five_deadly_venoms, minmay_snake_closets
D:5:      layout_layer_cave, dancing_weapons_uskayaw, okawaru_gym_becter,
          basic_altar, serial_shops, shop

Skill      XL: |  1  2  3  4  5  6 |
---------------+-------------------+-----
Maces & Flails | 3 4 5 6 7 |  7.4
Fighting       | |  3.2
Dodging        | |  1.5
Stealth        | |  5.4

Action                   |  1- 3 |  4- 6 |  7- 9 || total
-------------------------+-------+-------+-------++-------
Melee: Mace              |    15 |   144 |    11 ||   170
  Use: Potion            |       |     1 |       ||     1
 Stab: Sleeping          |       |     5 |       ||     5
Armor: Leather armour    |     3 |    54 |     8 ||    65
Dodge: Dodged            |    10 |   115 |     5 ||   130
